 Dungeon Crawl Stone Soup version 0.28-a0-664-gc179e30c89 (webtiles) character file.

Game seed: 16587197294491161204

106035 Conn the Arsonist (level 16, -17/95 HPs)
             Began as an Octopode Fire Elementalist on Oct 16, 2021.
             Was an Elder of Sif Muna.
             Demolished by Asterion (22 damage)
             ... on level 2 of the Spider Nest.
             The game lasted 02:38:37 (35138 turns).

Conn the Arsonist (Octopode Fire Elementalist)     Turns: 35138, Time: 02:38:37

Health: -17/95     AC:  3    Str: 15    XL:     16   Next: 43%
Magic:  15/33      EV: 15    Int: 28    God:    Sif Muna [****..]
Gold:   585        SH:  8    Dex: 13    Spells: 3/42 levels left

rFire   + + .      SeeInvis .   b - staff of fire
rCold   + . .      Faith    .   s - +2 buckler {rC+}
rNeg    . . .      Spirit   .   c - +2 hat {Stlth+}
rPois   +          Reflect  .   B - amulet of the acrobat
rElec   .          Harm     .   N - ring of willpower
rCorr   +          Rampage  .   M - ring of flight
Will    +++..                   O - ring of wizardry
Stlth   ++++++....              P - ring of the Battered Yaks {rF+ Will+ Int+6}
HPRegen 0.25/turn               T - +6 ring of strength
MPRegen 0.23/turn               U - ring of resist corrosion
                                o - ring of poison resistance
                                j - ring of wizardry

@: channelling, flying
A: almost no armour, amphibious, 8 rings, camouflage 1, gelatinous body 1,
(nimble swimmer 1), tentacles
a: Renounce Religion, Channel Magic, Forget Spell, Divine Exegesis


You were on level 2 of the Spider Nest.
You worshipped Sif Muna.
Sif Muna was greatly pleased with you.
You visited 6 branches of the dungeon, and saw 24 of its levels.
You also visited: Ossuary, Bailey and Gauntlet.

You collected 2869 gold pieces.
You spent 2284 gold pieces at shops.

Inventory:

Hand Weapons
 a - a +3 dagger of protection
 i - the +9 mace "Udomapes" {drain, Int+4}
   (You found it on level 1 of the Spider Nest)

   A truly terrible weapon, it drains the life of any living foe it strikes.
   Int:       It affects your intelligence (+4).
 E - the +8 quarterstaff "Zicve" {venom, rElec rN+}
   (You found it in a bailey)

   It poisons the flesh of those it strikes.
   rElec:     It insulates you from electricity.
   rN:        It protects you from negative energy.
Missiles
 h - 27 poisoned darts (quivered)
Armour
 c - a +2 hat of stealth (worn)
 s - a +2 buckler of cold resistance (worn)
Magical Staves
 b - a staff of fire (weapon)
 l - a staff of conjuration
 m - a staff of cold
Jewellery
 j - a ring of wizardry (on tentacle)
 o - a ring of poison resistance (on tentacle)
 v - an amulet of regeneration
 B - an amulet of the acrobat (around mantle)
 M - a ring of flight (right tentacle)
 N - a ring of willpower (left tentacle)
 O - a ring of wizardry (on tentacle)
 P - the ring of the Battered Yaks (on tentacle) {rF+ Will+ Int+6}
   (You bought it in a shop on level 1 of the Dungeon)

   [ring of intelligence]

   Int:       It affects your intelligence (+6).
   rF:        It protects you from fire.
   Will:      It increases your willpower.
 T - a +6 ring of strength (on tentacle)
 U - a ring of resist corrosion (on tentacle)
Wands
 p - a wand of digging (13)
 J - a wand of iceblast (14)
 L - a wand of mindburst (33)
 V - a wand of paralysis (23)
 W - a wand of acid (7)
Scrolls
 d - 11 scrolls of teleportation
 f - 2 scrolls of amnesia
 k - 2 scrolls of magic mapping
 r - 2 scrolls of holy word
 y - 2 scrolls of silence
 I - 3 scrolls of fog
 R - a scroll of immolation
 X - 6 scrolls of identify
Potions
 g - 3 potions of berserk rage
 q - a potion of attraction
 t - a potion of cancellation
 w - 2 potions of mutation
 x - 2 potions of magic
 K - a potion of brilliance
 S - 2 potions of might
Miscellaneous
 H - a phial of floods


   Skills:
 + Level 3.7 Fighting
 + Level 3.4 Short Blades
 + Level 1.4 Staves
 + Level 1.1 Throwing
 + Level 6.5 Dodging
 + Level 9.1 Stealth
 + Level 7.6 Shields
 + Level 13.6 Spellcasting
 * Level 11.4 Conjurations
 + Level 5.6 Hexes
 + Level 5.4 Summonings
 + Level 13.9 Fire Magic
 + Level 6.4 Air Magic
 + Level 5.3 Earth Magic
 + Level 0.9 Poison Magic
 + Level 7.2 Invocations
 + Level 0.7 Evocations


You had 3 spell levels left.
You knew the following spells:

 Your Spells              Type           Power      Damage    Failure   Level
a - Foxfire               Conj/Fire      100%       2x1d9     0%          1
b - Fireball              Conj/Fire      47%        3d19      1%          5
c - Inner Flame           Hex/Fire       84%        N/A       1%          3
d - Flame Wave            Conj/Fire      94%        3d15      1%          4
e - Scorch                Fire           100%       2d10      0%          2
f - Mephitic Cloud        Conj/Pois/Air  52%        N/A       1%          3
g - Airstrike             Air            26%        N/A       1%          4
h - Iron Shot             Conj/Erth      30%        9d6       4%          6
i - Summon Lightning Spi  Summ/Air       51%        N/A       1%          4
j - Orb of Destruction    Conj           35%        9d13      6%          7

Your spell library contained the following spells:

 Spells                   Type           Power      Damage    Failure   Level
 Animate Skeleton         Necr           38%        N/A       1%          1
 Pain                     Necr           76%        1d7       1%          1
 Shock                    Conj/Air       100%       1d9       1%          1
 Corpse Rot               Necr/Air       N/A        N/A       1%          2
 Ensorcelled Hibernation  Hex/Ice        68%        N/A       1%          2
 Searing Ray              Conj           100%       2d8       1%          2
 Static Discharge         Conj/Air       62%        N/A       1%          2
 Sublimation of Blood     Necr           9%         N/A       1%          2
 Wereblood                Tmut           19%        N/A       1%          2
 Conjure Flame            Conj/Fire      94%        6-21      1%          3
 Tukima's Dance           Hex            50%        N/A       1%          3
 Gell's Gravitas          Tloc           9%         N/A       2%          3
 Teleport Other           Tloc           19%        N/A       2%          3
 Vampiric Draining        Necr           9%         2d7       2%          3
 Hailstorm                Conj/Ice       50%        3d11      1%          4
 Iskenderun's Battlesphe  Conj           70%        2d12      1%          5
 Lightning Bolt           Conj/Air       31%        1d48      1%          5
 Conjure Ball Lightning   Conj/Air       31%        3x3d10    3%          6
 Spellforged Servitor     Conj/Summ      30%        N/A       19%         7
 Blade Hands              Tmut           9%         N/A       21%         5
 Manifold Assault         Tloc           19%        N/A       21%         5
 Summon Hydra             Summ           24%        N/A       50%         7
 Dispersal                Tloc           9%         N/A       69%         6
 Storm Form               Tmut/Air       18%        N/A       80%         7
 Maxwell's Capacitive Co  Air            26%        ∞         95%         8
 Disjunction              Tloc           9%         N/A       100%        8
 Animate Armour           Summ/Erth      Unusable   N/A       N/A         4

Dungeon Overview and Level Annotations

Branches:
Dungeon (12/15)            Temple (1/1) D:6            Lair (6/6) D:11
  Swamp (1/4) Lair:4       Spider (2/4) Lair:2        Slime (0/5) Lair:6
    Orc (2/2) D:9             Elf (0/3) Orc:2       Ossuary (visited)
 Bailey (visited)         Gauntlet (visited)

Altars:
Ashenzari
Cheibriados
Dithmenos
Elyvilon
Fedhas
Gozag
Hepliaklqana
Kikubaaqudgha
Nemelex Xobeh
Okawaru
Qazlal
Ru
Sif Muna
Trog
Uskayaw
Vehumet
Wu Jian
Xom
Yredelemnul
Zin
The Shining One
Beogh
Jiyva

Shops:
D:1 =   D:9 (   Orc:2 =([[

Annotations:
Swamp:1 Luawer's ghost, adept MiFi
Spider:2 Asterion


Innate Abilities, Weirdness & Mutations

You cannot wear most types of armour.
You are amphibious.
You can wear up to eight rings at the same time.
Your skin changes colour to match your surroundings (Stealth+).
Your rubbery body absorbs attacks. (AC +1, EV +1)
((You are camouflaged near water. (Stealth+)))
You have tentacles for arms and can constrict up to eight enemies at once.


Message History

Confirm with . or Enter, or press ? or * to list all spells.
Aiming: Iron Shot (dangerous; 4% risk of failure)
Press: ? - help, Shift-Dir - straight line, f - Asterion, p - cacodemon
Aim: Asterion, wielding a +2 demon trident of venom, wearing a +0 ring mail and wearing a +0 kite shield (noxious fumes, severely wounded, confused, 100% to hit)
The iron shot misses the cacodemon.
The iron shot hits Asterion!!!
Asterion is almost dead.
Asterion is engulfed in noxious fumes.
The cacodemon barely misses you. The cacodemon hits you!
You fail to use your ability.
Asterion seems less confused.
Asterion prays to Makhleb.
Asterion seems to speed up.
The cacodemon closely misses you. You block the cacodemon's attack.
The cacodemon misses you. The cacodemon hits you!
Asterion hits you from afar with a +2 demon trident of venom!
Unknown command.
Casting: Iron Shot (dangerous; 4% risk of failure)
Confirm with . or Enter, or press ? or * to list all spells.
Okay, then.
Asterion conjures a destructive force in the name of Makhleb!
The bolt of fire hits the cacodemon!!
The bolt of fire hits you! You resist.
The cacodemon is caught in a web!
Casting: Iron Shot (dangerous; 4% risk of failure)
Confirm with . or Enter, or press ? or * to list all spells.
Okay, then.
You block Asterion's attack. The cacodemon gestures at you.
The bolt of energy misses you.
The cacodemon struggles to get unstuck from the web.
Asterion conjures a destructive force in the name of Makhleb!
The bolt of fire hits you! You resist.
Casting: Iron Shot (dangerous; 4% risk of failure)
Confirm with . or Enter, or press ? or * to list all spells.
Aiming: Orb of Destruction (dangerous; 6% risk of failure)
Press: ? - help, Shift-Dir - straight line, f/p - Asterion
Aim: Asterion, wielding a +2 demon trident of venom, wearing a +0 ring mail and wearing a +0 kite shield (almost dead, fast) Asterion hits you from afar with a +2 demon trident of venom!!!
* * * LOW HITPOINT WARNING * * *
The cacodemon struggles to get unstuck from the web.
Asterion hits you from afar with a +2 demon trident of venom!!
You die...

..#.##....#..#####.^...
..#..#....#.....#......
.....##...#.....#.....#
......#.^.#.....#...###.
......##..#............^
####...#...^...........#
.#^....#........###....
..........##.>2...#.#..
...........#..H*@...##.
####......##...#.....#
.......#......#......#
#......#...#...#######
...>.#.#^...^........#
..#..###..#.........##
..#...#...#....#####..
.^##..#...#.......
..#..##..##.○##.....


You could see Asterion (fast, ally target) and a cacodemon (summoned, webbed).

Vanquished Creatures
  A thorn hunter (Swamp:1)
  2 emperor scorpions
  A minotaur (Gauntlet)
  The ghost of Silenceoftheyaks the Thaumaturge, a journeyman DjWz of Makhleb (Lair:3)
  An entropy weaver (Spider:2)
  2 ogre magi (Orc:2)
  The ghost of Loefaen the Slicer, a journeyman BaBe of Trog (D:9)
  A boulder beetle (D:11)
  7 hydras
  2 catoblepae
  18 two-headed ogres
  A death yak (Lair:5)
  4 alligators (Swamp:1)
  2 orc high priests (Orc:2)
  A goliath frog (Swamp:1)
  3 bog bodies (Swamp:1)
  2 deep trolls
  An orc knight (Bailey)
  5 orb spiders
  An orc sorcerer (Orc:1)
  A manticore (D:11)
  9 wolf spiders (Spider:2)
  14 elephants
  2 moths of wrath (Spider:2)
  4 will-o-the-wisps
  2 cyclopes (Orc:2)
  2 black mambas
  Joseph (D:7)
  A gargoyle (D:11)
  2 torpor snails
  An unseen horror (D:11)
  Maggie (D:7)
  23 cane toads
  12 komodo dragons
  2 rime drakes
  A freezing wraith (D:9)
  4 demonic crawlers
  5 tyrant leeches
  A bloated husk (Swamp:1)
  3 meliai (Gauntlet)
  13 trolls
  2 polar bears
  A hornet (Swamp:1)
  7 jumping spiders
  33 blink frogs
  7 dream sheep (Lair:6)
  A spriggan (Swamp:1)
  3 shadows
  13 tarantellas
  21 redbacks
  2 wyverns
  3 basilisks
  A wraith (D:9)
  3 large abominations (Gauntlet)
  51 yaks
  7 vampire mosquitoes
  Menkaure (D:5)
  3 swamp worms (Swamp:1)
  3 wargs
  21 water moccasins
  Duvessa (D:7)
  29 orc warriors
  2 black bears
  An ice beast (D:6)
  20 ogres
  6 small abominations (Gauntlet)
  A necrophage (D:4)
  28 wolves
  6 centaurs
  A phantom (D:5)
  20 bullfrogs
  7 scorpions
  6 water moccasin zombies (Ossuary)
  Dowan (D:7)
  5 killer bees (D:11)
  8 electric eels
  9 wights
  11 howler monkeys
  A centaur zombie (D:8)
  A bullfrog zombie (D:5)
  12 orc priests
  A jelly (D:5)
  Crazy Yiuf (D:2)
  3 hounds
  3 iguanas
  Ijyb (D:4)
  A bullfrog skeleton (D:5)
  2 gnoll shamans
  Terence (D:1)
  22 orc wizards
  A scorpion zombie (D:5)
  A killer bee zombie (D:4)
  2 hound skeletons (D:4)
  2 mummies (Ossuary)
  A howler monkey zombie (D:8)
  15 gnolls
  5 adders
  4 river rats (D:5)
  2 white imps
  An adder zombie (Ossuary)
  3 worms
  A dart slug (D:1)
  70 orcs
  3 endoplasms
  9 giant cockroaches
  4 gnoll zombies (Ossuary)
  9 goblins
  15 hobgoblins
  3 quokkas
  4 ball pythons
  6 bats
  4 frilled lizards
  4 hobgoblin zombies (Ossuary)
  20 kobolds
  4 kobold zombies (Ossuary)
  4 orc zombies (Ossuary)
  3 rats
  2 bushes (Lair:2)
757 creatures vanquished.

Vanquished Creatures (collateral kills)
  An emperor scorpion (Spider:2)
  A death yak (Lair:3)
  2 orb spiders (Spider:2)
  A demonic crawler (Spider:2)
  A jumping spider (Spider:1)
  14 foxfires
20 creatures vanquished.

Vanquished Creatures (others)
  A wight (D:9)
  2103 foxfires
  99 fungi
  169 plants
  5 toadstools (Swamp:1)
2377 creatures vanquished.

Grand Total: 3154 creatures vanquished

Notes
Turn   | Place    | Note
-------+----------+-------------------------------------------
     0 | D:1      | Conn the Octopode Fire Elementalist began the quest for the
                  | Orb.
     0 | D:1      | Reached XP level 1. HP: 11/11 MP: 3/3
   265 | D:1      | Found Veyme's Jewellery Shop.
   281 | D:1      | Reached XP level 2. HP: 17/17 MP: 1/5
   461 | D:1      | Found a faded altar of an unknown god.
   966 | D:1      | Reached XP level 3. HP: 21/21 MP: 6/6
  1410 | D:2      | Noticed Terence
  1470 | D:1      | Killed Terence
  1471 | D:1      | Reached XP level 4. HP: 20/27 MP: 4/7
  1849 | D:2      | Found a glowing silver altar of Zin.
  2134 | D:2      | Found a runed translucent door.
  2135 | D:2      | Noticed Crazy Yiuf
  2220 | D:2      | Learned a level 3 spell: Conjure Flame
  2224 | D:2      | Learned a level 3 spell: Inner Flame
  2679 | D:3      | Reached skill level 1 in Short Blades
  2679 | D:3      | Reached XP level 5. HP: 31/31 MP: 1/9
  3107 | D:4      | Noticed a necrophage
  3130 | D:4      | Killed a necrophage
  3131 | D:4      | Reached XP level 6. HP: 28/37 MP: 0/10
  3294 | D:4      | Noticed Ijyb
  3307 | D:4      | Killed Ijyb
  3792 | D:5      | Entered Level 5 of the Dungeon
  3792 | D:5      | Noticed a water moccasin
  3802 | D:5      | Killed a water moccasin
  3803 | D:5      | Reached skill level 1 in Throwing
  3803 | D:5      | Reached XP level 7. HP: 18/42 MP: 8/12
  4074 | D:5      | Reached skill level 1 in Fighting
  4074 | D:5      | Reached skill level 5 in Stealth
  4155 | D:5      | Reached skill level 5 in Fire Magic
  4231 | D:5      | Noticed Menkaure
  4237 | D:5      | Killed Menkaure
  4285 | D:5      | Found a blossoming altar of Fedhas.
  4290 | D:5      | Reached XP level 8. HP: 48/48 MP: 9/14
  4584 | D:5      | Reached skill level 5 in Spellcasting
  5398 | D:5      | Identified a scroll of acquirement
  5398 | D:5      | Acquired a +0 hat of stealth
  5646 | D:6      | Learned a level 4 spell: Flame Wave
  5649 | D:6      | Learned a level 2 spell: Scorch
  6071 | D:6      | Found a staircase to the Ecumenical Temple.
  6085 | Temple   | Entered the Ecumenical Temple
  6165 | Temple   | Became a worshipper of Sif Muna the Loreminder
  6557 | D:6      | Reached skill level 1 in Hexes
  6740 | D:6      | Reached XP level 9. HP: 53/53 MP: 17/17
  7261 | D:2      | Killed Crazy Yiuf
  7516 | D:7      | Noticed Dowan
  7551 | D:7      | Noticed Duvessa
  7554 | D:7      | Killed Dowan
  7575 | D:7      | Killed Duvessa
  7578 | D:7      | Found a sand-covered staircase.
  7582 | Ossuary  | Entered an ossuary
  7666 | Ossuary  | Reached skill level 5 in Conjurations
  7804 | Ossuary  | Reached * piety under Sif Muna
  8076 | D:7      | Noticed Maggie
  8315 | D:7      | Killed Maggie
  8316 | D:7      | Reached skill level 1 in Invocations
  8517 | D:7      | Noticed Joseph
  8523 | D:7      | Killed Joseph
  8524 | D:7      | Reached XP level 10. HP: 60/60 MP: 3/20
  8835 | D:8      | Reached ** piety under Sif Muna
  9469 | D:8      | Reached skill level 1 in Shields
  9766 | D:9      | Found Lieresox's Weapon Emporium.
 10520 | D:9      | Found a staircase to the Orcish Mines.
 10898 | D:9      | Noticed a two-headed ogre
 11206 | D:9      | Killed a two-headed ogre
 11269 | D:9      | Found a stormy altar of Qazlal.
 11356 | D:9      | Found a runed translucent gate.
 11356 | D:9      | Found a runed translucent gate.
 11358 | D:9      | Found a runed translucent gate.
 11362 | D:9      | Noticed Loefaen's ghost (journeyman BaBe)
 11562 | D:9      | Reached XP level 11. HP: 54/65 MP: 10/22
 11612 | D:9      | Killed Loefaen's ghost
 11776 | D:1      | Bought a ring of wizardry for 330 gold pieces
 11977 | Orc:1    | Entered Level 1 of the Orcish Mines
 11986 | Orc:1    | Reached skill level 5 in Invocations
 12252 | Orc:2    | Entered Level 2 of the Orcish Mines
 12261 | Orc:2    | Reached *** piety under Sif Muna
 12726 | Orc:2    | Noticed an orc high priest
 12739 | Orc:2    | Noticed a sun demon
 12750 | Orc:1    | Noticed an orc sorcerer
 12755 | Orc:1    | Killed an orc sorcerer
 13218 | Orc:1    | Learned a level 7 spell: Summon Hydra
 13254 | Orc:2    | Killed an orc high priest
 13453 | Orc:2    | Found a staircase to the Elven Halls.
 13456 | Orc:2    | Found Yxol's Antique Armour Emporium.
 13457 | Orc:2    | Found Gumizo's Antique Armour Shoppe.
 13457 | Orc:2    | Noticed a cyclops
 13462 | Orc:2    | Noticed a two-headed ogre
 13473 | Orc:2    | Killed a two-headed ogre
 13473 | Orc:2    | Noticed a two-headed ogre
 13474 | Orc:2    | Reached skill level 1 in Summonings
 13627 | Orc:2    | Reached **** piety under Sif Muna
 13632 | Orc:2    | Reached skill level 5 in Shields
 13633 | Orc:2    | Killed a two-headed ogre
 13678 | Orc:2    | Noticed a two-headed ogre
 13684 | Orc:2    | Killed a two-headed ogre
 13689 | Orc:2    | Reached XP level 12. HP: 72/72 MP: 10/25
 13893 | Orc:2    | Noticed an ogre mage
 13899 | Orc:2    | Killed an ogre mage
 14025 | Orc:2    | Noticed a two-headed ogre
 14032 | Orc:2    | Killed a two-headed ogre
 14218 | Orc:2    | Noticed an orc high priest
 14236 | Orc:2    | Noticed a two-headed ogre
 14237 | Orc:2    | Noticed a soul eater
 14238 | Orc:2    | Killed an orc high priest
 14502 | Orc:1    | Reached skill level 10 in Fire Magic
 14578 | Orc:2    | Noticed a two-headed ogre
 14598 | Orc:1    | Killed a two-headed ogre
 14656 | Orc:2    | Killed a two-headed ogre
 14832 | Orc:2    | Noticed a two-headed ogre
 14839 | Orc:2    | Killed a two-headed ogre
 15091 | Orc:2    | Noticed a two-headed ogre
 15097 | Orc:2    | Killed a two-headed ogre
 15098 | Orc:2    | Reached skill level 5 in Dodging
 15106 | Orc:2    | Noticed an ogre mage
 15113 | Orc:2    | Killed an ogre mage
 15226 | Orc:2    | Found Kiqui's Weapon Boutique.
 15233 | Orc:2    | Bought a shiny buckler for 255 gold pieces
 15245 | Orc:2    | Found Ubuem's Jewellery Emporium.
 15669 | D:1      | Bought the ring of the Battered Yaks {rF+ Will+ Int+6} for
                  | 859 gold pieces
 16197 | D:10     | Entered Level 10 of the Dungeon
 16203 | D:10     | Reached skill level 10 in Spellcasting
 16203 | D:10     | Reached XP level 13. HP: 76/76 MP: 15/27
 17145 | D:10     | Reached skill level 5 in Summonings
 17443 | D:11     | Reached ***** piety under Sif Muna
 17592 | D:11     | Found a flagged portal.
 17602 | Bailey   | Entered a bailey
 17622 | Bailey   | Received a gift from Sif Muna
 17652 | Bailey   | Got Sif Muna's Grimoire of the Compass {god gift}
 18021 | Bailey   | Identified the +8 quarterstaff "Zicve" {venom, rElec rN+}
 18172 | D:11     | Found a staircase to the Lair.
 18451 | D:11     | You are sucked into a shaft and drop 1 floor!
 19442 | Lair:1   | Entered Level 1 of the Lair of Beasts
 20115 | Lair:1   | Learned a level 4 spell: Airstrike
 20144 | Lair:1   | Reached skill level 5 in Hexes
 20720 | Lair:2   | Reached skill level 1 in Air Magic
 20720 | Lair:2   | Reached XP level 14. HP: 34/83 MP: 15/29
 21327 | Lair:2   | Found a hole to the Spider Nest.
 22226 | Lair:3   | Found a gate leading to a gauntlet.
 22277 | Lair:3   | Received a gift from Sif Muna
 22286 | Lair:3   | Learned a level 6 spell: Iron Shot
 22379 | Gauntlet | Entered a Gauntlet
 22379 | Gauntlet | Found a transporter.
 22379 | Gauntlet | Found a transporter.
 22387 | Gauntlet | Found a transporter.
 22387 | Gauntlet | Found a transporter.
 22388 | Gauntlet | Found a transporter.
 22436 | Gauntlet | Found a transporter.
 22439 | Gauntlet | Found a transporter.
 22503 | Gauntlet | Found a transporter.
 22515 | Gauntlet | Found a transporter.
 22529 | Gauntlet | Found a transporter.
 22545 | Gauntlet | Found a transporter.
 22554 | Gauntlet | Found a transporter.
 23115 | Gauntlet | Reached skill level 1 in Earth Magic
 23611 | Lair:3   | Noticed Silenceoftheyaks's ghost (journeyman DjWz)
 23646 | Lair:3   | Found a runed translucent gate.
 23646 | Lair:3   | Found a runed translucent gate.
 23647 | Lair:3   | Found a runed translucent gate.
 24388 | Lair:3   | Learned a level 4 spell: Summon Lightning Spire
 24479 | Lair:3   | Killed Silenceoftheyaks's ghost
 24770 | Lair:4   | Found a staircase to the Swamp.
 26283 | Lair:5   | Reached XP level 15. HP: 88/88 MP: 18/31
 26775 | Lair:5   | Reached skill level 1 in Staves
 27328 | Lair:6   | Entered Level 6 of the Lair of Beasts
 27335 | Lair:6   | Reached skill level 5 in Air Magic
 27343 | Lair:6   | Received a gift from Sif Muna
 28076 | Lair:6   | Found a viscous altar of Jiyva.
 28076 | Lair:6   | Found a staircase to the Slime Pits.
 28090 | Lair:6   | Reached skill level 5 in Earth Magic
 28105 | Lair:6   | Got Sif Muna's Guide on Battle Magic {god gift}
 28151 | Lair:6   | Learned a level 5 spell: Fireball
 28155 | Lair:6   | Learned a level 3 spell: Mephitic Cloud
 28163 | Lair:6   | Learned a level 7 spell: Orb of Destruction
 28471 | Lair:6   | Identified the +3 scale mail "Wyler" {Will+}
 29863 | Orc:2    | Bought a ring of resist corrosion for 240 gold pieces
 29863 | Orc:2    | Bought a ring of poison resistance for 240 gold pieces
 29925 | Orc:2    | Bought a ring of wizardry for 360 gold pieces
 30137 | Swamp:1  | Entered Level 1 of the Swamp
 30137 | Swamp:1  | Noticed Luawer's ghost (adept MiFi)
 30146 | Swamp:1  | Found a runed translucent door.
 30559 | Swamp:1  | Noticed a thorn hunter
 31151 | Swamp:1  | Killed a thorn hunter
 31294 | Swamp:1  | Reached skill level 10 in Conjurations
 31320 | Swamp:1  | HP: 5/132 [bog body/bolt of cold (16)]
 32470 | Spider:1 | Entered Level 1 of the Spider Nest
 32474 | Spider:1 | Noticed an emperor scorpion
 32527 | Spider:1 | Reached XP level 16. HP: 15/94 MP: 14/33
 33343 | Spider:1 | Identified the +9 mace "Udomapes" {drain, Int+4}
 33647 | Spider:2 | Got Wizardry, Part Two
 33944 | Spider:2 | HP: 4/141 [entropy weaver (6)]
 34233 | Spider:2 | HP: 4/95 [poisoned by a wolf spider]
 35118 | Spider:2 | Noticed Asterion
 35138 | Spider:2 | Demolished by Asterion

Illustrated notes

Levels and vault maps discovered:
D:1:      mushboom_english_gardens, layout_loops_ring, serial_shops, shop,
          shapermc_ecumenical_altar_totnotflames
D:2:      layout_loops_ring, basic_altar, minivault_14, uniq_crazy_yiuf_cottage,
          uniq_terence
D:3:      layout_basic, kennysheep_doodads
D:4:      layout_rooms, lemuel_old_faithful, uniq_ijyb
D:5:      wad_woods_stonehenge, layout_basic, corexii_mini_fake_secret_closet,
          kennysheep_generic_room_12, uniq_menkaure
D:6:      layout_cave_pods, minmay_temple_entry_glassed_door
D:7:      layout_rooms, enter_ossuary_5, uniq_joseph, uniq_duvessa, uniq_maggie
D:8:      layout_loops_corners
D:9:      layout_loops_corners, nicolae_qazlal_scattered_showers, david_orc_4,
          serial_shops, nicolae_lakefront_shop, gammafunk_ghost_spectres
D:10:     layout_basic, st_stairs_10
D:11:     erik_rubicon_b, layout_cave_pools, lair_entry_dummy, enter_bailey_2,
          minmay_fractal_squares_gapless_5
D:12:     layout_irregular_city
Temple:   regret_index_temple_sigil_plot
Lair:1:   layout_long_grid, serial_bayou_pond_a, minmay_holes,
          grunt_megastairs_1
Lair:2:   layout_layer_cave, nicolae_spider_entry_non_spiders
Lair:3:   layout_small_grid, gauntlet_entry_generic, gammafunk_ghost_split,
          nicolae_volcano_entry_two_sided
Lair:4:   layout_loops_ring, swamp_mist, infiniplex_staircase_pool
Lair:5:   layout_roguey, grunt_megastairs_4
Lair:6:   minmay_lair_end_frog_pond, layout_cave_pods, slime_altar_1,
          serial_bayou_shore_b
Swamp:1:  cheibrodos_swamp_tower_of_moss, layout_basic_swamp,
          hellmonk_ghost_happy_afterlife, evilmike_swamp_ruin_rubble_1
Spider:1: layout_spider_delve
Spider:2: layout_spider_delve, nicolae_spider_bug_shape, uniq_asterion
Orc:1:    layout_diamond_mine
Orc:2:    st_orc_open, layout_caves, bh_open_orc_temple

Skill      XL: |  1  2  3  4  5  6  7  8  9 10 11 12 13 14 15 16 |
---------------+-------------------------------------------------+-----
Stealth        | 3 4 5 6 7 8 9 |  9.1
Fire Magic     | 4 5 6 7 8 9 10 11 12 13 | 13.9
Short Blades   | 1 2 3 |  3.4
Spellcasting   | 3 4 5 6 7 9 10 11 12 13 | 13.6
Conjurations   | 2 4 5 6 7 8 9 10 11 | 11.4
Throwing       | 1 |  1.1
Dodging        | 3 4 5 6 |  6.5
Fighting       | 1 2 3 |  3.7
Hexes          | 1 2 3 4 5 |  5.6
Invocations    | 2 4 6 7 |  7.2
Shields        | 3 5 6 7 |  7.6
Summonings     | 2 4 5 |  5.4
Air Magic      | 1 4 6 |  6.4
Earth Magic    | 4 5 |  5.3
Staves         | 1 |  1.4
Poison Magic   | |  0.9
Evocations     | |  0.7

Action                   |  1- 3 |  4- 6 |  7- 9 | 10-12 | 13-15 | 16-18 || total
-------------------------+-------+-------+-------+-------+-------+-------++-------
Melee: Unarmed           |     7 |       |       |       |       |       ||     7
       Constrict         |     8 |    13 |    17 |    10 |    26 |     1 ||    75
       Short sword       |    18 |     5 |       |       |       |       ||    23
       Tentacles         |     5 |    11 |    11 |     7 |    28 |     1 ||    63
       Dagger            |       |    63 |    69 |    40 |    49 |     5 ||   226
       Staff             |       |       |       |    16 |    78 |     2 ||    96
Throw: Dart              |     6 |     1 |       |       |     1 |       ||     8
       Throwing net      |       |     2 |       |       |       |       ||     2
 Cast: Foxfire           |    42 |    50 |   125 |   319 |   567 |    84 ||  1187
       Inner Flame       |       |     3 |    14 |    71 |    86 |     5 ||   179
       Conjure Flame     |       |     2 |     6 |     5 |     6 |       ||    19
       Flame Wave        |       |       |    12 |    27 |   104 |     8 ||   151
       Scorch            |       |       |     5 |    13 |    38 |     3 ||    59
       Airstrike         |       |       |       |       |    25 |     2 ||    27
       Summon Lightning  |       |       |       |       |     8 |     3 ||    11
       Iron Shot         |       |       |       |       |     9 |     9 ||    18
       Mephitic Cloud    |       |       |       |       |    14 |    11 ||    25
       Fireball          |       |       |       |       |     8 |     2 ||    10
       Orb of Destructio |       |       |       |       |     3 |    22 ||    25
Invok: Channel Magic     |       |       |       |     2 |     7 |     5 ||    14
Evoke: Wand              |       |       |       |     3 |     1 |       ||     4
  Use: Scroll            |       |       |    24 |     6 |    21 |     5 ||    56
       Potion            |       |       |       |     4 |    20 |     3 ||    27
 Stab: Sleeping          |     4 |     7 |    14 |    11 |     9 |     1 ||    46
Armor: Skin              |     2 |     2 |     2 |    16 |    74 |    18 ||   114
Dodge: Dodged            |    24 |    33 |    64 |   103 |   248 |    19 ||   491
Block: Buckler           |       |       |       |    22 |   121 |    23 ||   166

Table legend: (Time is in decaauts)
 A = Elapsed time spent in this place.
 B = Non-inter-level travel time spent in this place.
 C = Inter-level travel time spent in this place.
 D = Time resting spent in this place.
 E = Time spent auto-exploring this place.
 F = Levels seen in this place.
 G = Mean time per level.
                   A        B        C        D        E       F      G
               +--------+--------+--------+--------+--------+-----+--------+
         Total |  35120 |  33069 |   2051 |   5802 |  18489 |  27 | 1300.7 |
       Dungeon |  15112 |  13673 |   1439 |   1298 |   8574 |  12 | 1259.3 |
        Temple |    103 |     80 |     23 |      0 |     56 |   1 |  103.0 |
          Lair |  10265 |   9896 |    369 |   1369 |   6458 |   6 | 1710.8 |
         Swamp |   1447 |   1445 |      2 |    277 |    827 |   1 | 1447.0 |
   Spider Nest |   2646 |   2624 |     22 |   1398 |    684 |   2 | 1323.0 |
  Orcish Mines |   3820 |   3625 |    195 |   1169 |   1303 |   2 | 1910.0 |
       Ossuary |    440 |    440 |      0 |     95 |    217 |   1 |  440.0 |
        Bailey |    468 |    468 |      0 |    146 |    100 |   1 |  468.0 |
      Gauntlet |    815 |    815 |      0 |     50 |    270 |   1 |  815.0 |
               +--------+--------+--------+--------+--------+-----+--------+

Top non-repeatable levels by time:
     D:9: 2401 daAuts
   Orc:2: 2248 daAuts
  Lair:6: 2110 daAuts
  Lair:4: 2079 daAuts
     D:5: 1875 daAuts
  Lair:3: 1788 daAuts
  Lair:5: 1587 daAuts
   Orc:1: 1571 daAuts
    D:11: 1546 daAuts
  Lair:2: 1519 daAuts
Spider:2: 1486 daAuts
     D:1: 1467 daAuts
 Swamp:1: 1447 daAuts
     D:6: 1305 daAuts
     D:2: 1270 daAuts
